 Dungeon Crawl Stone Soup version 0.28-a0-779-g3d1f99b579 (webtiles) character file.

Game seed: 1907676668681790289

147 iamoutofideas the Magician (level 5, -1/28 HPs)
             Began as a Deep Elf Fire Elementalist on Nov 2, 2021.
             Slain by a black bear (4 damage)
             ... on level 4 of the Dungeon.
             The game lasted 00:04:37 (3372 turns).

iamoutofideas the Magician (DEFE)                   Turns: 3372, Time: 00:04:37

Health: -1/28      AC:  2    Str:  5    XL:     5   Next: 7%
Magic:  11/14      EV: 12    Int: 21    God:
Gold:   64         SH:  0    Dex: 15    Spells: 2/14 levels left

rFire   + . .      SeeInvis .   l - +2 dagger (protect)
rCold   . . .      Faith    .   (no shield)
rNeg    . . .      Spirit   .   a - +0 robe
rPois   .          Reflect  .   (no helmet)
rElec   .          Harm     .   (no cloak)
rCorr   .          Rampage  .   (no gloves)
Will    .....                   (no boots)
Stlth   ++........              (no amulet)
HPRegen 0.09/turn               b - ring of protection from fire
MPRegen 0.14/turn               (no ring)

@: no status effects
A: no striking features
a: no special abilities


You were on level 4 of the Dungeon.
You visited 1 branch of the dungeon, and saw 4 of its levels.

You collected 94 gold pieces.
You spent 30 gold pieces at shops.

Inventory:

Hand Weapons
 l - a +2 dagger of protection (weapon)
Armour
 a - a +0 robe (worn)
Jewellery
 b - a ring of protection from fire (left hand)
 c - an amulet of faith
Scrolls
 d - 2 scrolls of identify {unknown}
 i - 2 scrolls of teleportation
 j - a scroll of blinking {unknown}
Potions
 e - a potion of cancellation {unknown}
 f - a potion of curing {unknown}
 g - 2 potions of heal wounds {unknown}
 h - a potion of brilliance {unknown}
 k - 2 potions of haste {unknown}


   Skills:
 + Level 0.2 Fighting
 + Level 2.6 Dodging
 - Level 2.4 Stealth
 * Level 5.1 Spellcasting
 + Level 2.0 Conjurations
 + Level 4.8 Fire Magic


You had 2 spell levels left.
You knew the following spells:

 Your Spells              Type           Power      Damage    Failure   Level
a - Foxfire               Conj/Fire      76%        2x1d7     2%          1
b - Scorch                Fire           50%        2d7       2%          2
c - Conjure Flame         Conj/Fire      19%        6-21      8%          3
d - Ensorcelled Hibernat  Hex/Ice        10%        N/A       16%         2
e - Flame Wave            Conj/Fire      19%        3d5       26%         4

Your spell library contained the following spells:

 Spells                   Type           Power      Damage    Failure   Level
 Inner Flame              Hex/Fire       15%        N/A       12%         3
 Tukima's Dance           Hex            5%         N/A       32%         3


Dungeon Overview and Level Annotations

Branches:
Dungeon (4/15)
 Temple: D:4-7

Altars:

Shops:
D:3 ?


Message History

Confirm with . or Enter, or press ? or * to list all spells.
You conjure some foxfire!
The black bear growls angrily.
The foxfire hits the black bear.
The black bear is moderately wounded.
The foxfire hits the black bear.
The black bear is moderately wounded.
Casting: Foxfire (safe; 2% risk of failure)
Confirm with . or Enter, or press ? or * to list all spells.
Flames lash the black bear.
The black bear is severely wounded.
The black bear's fire resistance burns away.
The black bear goes berserk!
Casting: Scorch (safe; 2% risk of failure)
Confirm with . or Enter, or press ? or * to list all spells.
Okay, then.
The black bear closely misses you.
The black bear claws you but does no damage.
The black bear claws you.
The black bear rages.
The black bear misses you. The black bear claws you. x2
The black bear is no longer more vulnerable to fire.
You barely miss the black bear.
The black bear is severely wounded.
The black bear misses you.
The black bear claws you but does no damage.
The black bear barely misses you. The black bear closely misses you.
The black bear claws you. x2
You see here a +0 hand axe.
Casting: Scorch (safe; 2% risk of failure)
Confirm with . or Enter, or press ? or * to list all spells.
Flames lash the black bear.
The black bear is almost dead.
The black bear's fire resistance burns away.
The black bear bites you.
* * * LOW HITPOINT WARNING * * *
The black bear misses you. The black bear claws you.
* * * LOW HITPOINT WARNING * * *
The black bear barely misses you. The black bear claws you.
You die...

#>................
####.###.#.....#.#
#...#.#.#####..
###.#..........
#...###.#####..
#.### #..รท.<# #.#
####### #####.#
#.@...# #h#####
#.# #.# #.#
########
#.######.>....#
#.............+
########.$....#
#......#


You could see a black bear (berserk, combustible).

Vanquished Creatures
  2 bullfrog skeletons (D:4)
  An adder (D:2)
  3 gnolls
  4 dart slugs
  4 endoplasms
  2 giant cockroaches
  4 goblins
  7 hobgoblins
  4 quokkas
  2 ball pythons
  6 bats
  4 frilled lizards
  A kobold (D:2)
  3 rats (D:2)
47 creatures vanquished.

Vanquished Creatures (others)
  120 foxfires
120 creatures vanquished.

Grand Total: 167 creatures vanquished

Notes
Turn   | Place    | Note
-------+----------+-------------------------------------------
     0 | D:1      | iamoutofideas the Deep Elf Fire Elementalist began the
                  | quest for the Orb.
     0 | D:1      | Reached XP level 1. HP: 10/10 MP: 6/6
   664 | D:1      | Reached XP level 2. HP: 15/15 MP: 6/8
   898 | D:1      | Found a faded altar of an unknown god.
  1095 | D:2      | Reached XP level 3. HP: 10/19 MP: 6/10
  1471 | D:2      | Learned a level 2 spell: Scorch
  1475 | D:2      | Learned a level 3 spell: Conjure Flame
  1478 | D:2      | Learned a level 2 spell: Ensorcelled Hibernation
  1640 | D:2      | Reached skill level 4 in Spellcasting
  2000 | D:2      | Reached XP level 4. HP: 23/24 MP: 7/12
  2516 | D:3      | Found Faatsac's Magic Scroll Boutique.
  2539 | D:3      | Bought a scroll of teleportation for 30 gold pieces
  3200 | D:4      | Learned a level 4 spell: Flame Wave
  3227 | D:4      | Reached skill level 5 in Spellcasting
  3227 | D:4      | Reached XP level 5. HP: 27/28 MP: 6/14
  3353 | D:4      | Noticed a black bear
  3372 | D:4      | Slain by a black bear

Illustrated notes

Levels and vault maps discovered:
D:1:      tarquinn_simple_flora_water_f, layout_loops_ring,
          basic_ecumenical_altar
D:2:      layout_basic
D:3:      kennysheep_goblin_castle, layout_basic, serial_shops,
          nicolae_shop_stone, uniq_robin
D:4:      layout_basic, serial_bayou_ford_a, uniq_blork_the_orc

Skill      XL: |  1  2  3  4 |
---------------+-------------+-----
Fire Magic     | 4 |  4.8
Spellcasting   | 4 5 |  5.1
Conjurations   | 2 |  2.0
Fighting       | |  0.2
Dodging        | |  2.6
Stealth        | |  2.4

Action                   |  1- 3 |  4- 6 || total
-------------------------+-------+-------++-------
Melee: Unarmed           |     2 |     1 ||     3
       Dagger            |       |     3 ||     3
 Cast: Foxfire           |    53 |    29 ||    82
       Scorch            |       |    10 ||    10
Armor: Robe              |     7 |     8 ||    15
Dodge: Dodged            |    24 |    17 ||    41

Table legend: (Time is in decaauts)
 A = Elapsed time spent in this place.
 B = Non-inter-level travel time spent in this place.
 C = Inter-level travel time spent in this place.
 D = Time resting spent in this place.
 E = Time spent auto-exploring this place.
 F = Levels seen in this place.
 G = Mean time per level.
                   A        B        C        D        E       F      G
               +--------+--------+--------+--------+--------+-----+--------+
         Total |   3372 |   3221 |    151 |    762 |   1874 |   4 |  843.0 |
       Dungeon |   3372 |   3221 |    151 |    762 |   1874 |   4 |  843.0 |
               +--------+--------+--------+--------+--------+-----+--------+

Top non-repeatable levels by time:
     D:1: 1229 daAuts
     D:2: 1104 daAuts
     D:3: 825 daAuts
     D:4: 213 daAuts
